 Dungeon Crawl Stone Soup version 0.28.0-43-g3370ac3207 (webtiles) character file.

Game seed: 7187700004948078036

272 styxcanada the Magician (level 6, 0/48 HPs)
             Began as a Deep Elf Fire Elementalist on Mar 4, 2022.
             Succumbed to an adder's poison
             ... in a sewer on Mar 5, 2022.
             The game lasted 00:13:47 (2865 turns).

styxcanada the Magician (DEFE)                      Turns: 2865, Time: 00:13:48

Health: 0/48       AC:  3    Str:  5    XL:     6   Next: 2%
Magic:  21/24      EV: 12    Int: 22    God:
Gold:   64         SH:  0    Dex: 15    Spells: 11/15 levels left

rFire   . . .      SeeInvis .   c - +0 short sword
rCold   . . .      Faith    .   (no shield)
rNeg    . . .      Spirit   .   a - +0 robe
rPois   .          Reflect  .   (no helmet)
rElec   .          Harm     .   (no cloak)
rCorr   .          Rampage  .   d - +0 pair of gloves
Will    .....                   (no boots)
Stlth   ..........              (no amulet)
HPRegen 0.16/turn               m - ring of magical power
MPRegen 0.19/turn               (no ring)

@: berserking, lethally poisoned (0 -> -3), invisible, quick
A: no striking features
a: no special abilities


You were in a sewer.
You visited 1 branch of the dungeon, and saw 3 of its levels.
You also visited: Sewer.

You collected 64 gold pieces.

Inventory:

Hand Weapons
 c - a +0 short sword (weapon)
 n - a +0 hunting sling
Missiles
 b - 66 stones
 h - 49 sling bullets
Armour
 a - a +0 robe (worn)
 d - a +0 pair of gloves (worn)
Magical Staves
 i - a staff of cold
Jewellery
 m - a ring of magical power (left hand)
Scrolls
 k - a scroll of acquirement {unknown}
Potions
 g - a potion of brilliance {unknown}
 l - a potion of heal wounds {unknown}


   Skills:
 + Level 0.2 Short Blades
 + Level 2.6 Dodging
 * Level 4.5 Stealth
 + Level 5.1 Spellcasting
 + Level 1.7 Conjurations
 + Level 5.0 Fire Magic
 * Level 1.0 Evocations


You had 11 spell levels left.
You knew the following spells:

 Your Spells              Type           Power      Damage    Failure   Level
a - Foxfire               Conj/Fire      80%        2x1d8     2%          1
b - Scorch                Fire           56%        2d7       1%          2
c - Magic Dart            Conj           52%        1d5       4%          1

Your spell library contained the following spells:

 Spells                   Type           Power      Damage    Failure   Level
 Searing Ray              Conj           26%        2d5       8%          2
 Conjure Flame            Conj/Fire      20%        6-21      8%          3
 Inner Flame              Hex/Fire       16%        N/A       11%         3
 Blink                    Tloc           10%        N/A       16%         2
 Flame Wave               Conj/Fire      20%        2d7       24%         4
 Gell's Gravitas          Tloc           5%         N/A       30%         3
 Lesser Beckoning         Tloc           5%         N/A       30%         3
 Teleport Other           Tloc           5%         N/A       30%         3
 Fulminant Prism          Conj/Hex       4%         3d6       56%         4
 Manifold Assault         Tloc           5%         N/A       95%         5
 Dispersal                Tloc           2%         N/A       100%        6


Dungeon Overview and Level Annotations

Branches:
Dungeon (3/15)              Sewer (1/1)

Altars:
Makhleb


Message History

You hear an angry hiss. x3; You hear a croak.
The adder bites you but does no damage. The adder bites you.
The bullfrog closely misses you. The adder closely misses you. x2
The adder barely misses you. The adder bites you.
It was a potion of invisibility.
You fade into invisibility!
The bullfrog closely misses you. The adder bites you.
You are poisoned.
The adder poisons you! The adder barely misses you.
The bullfrog hits you but does no damage.
The adder barely misses you. The adder bites you.
A frilled lizard comes into view.
You aren't carrying any items that you can evoke.
Casting: Foxfire (safe; 2% risk of failure)
Confirm with . or Enter, or press ? or * to list all spells.
Flames lash the bullfrog.
The bullfrog is moderately wounded.
The bullfrog's fire resistance burns away.
You feel sick. The adder bites you.
* * * LOW HITPOINT WARNING * * *
The adder bites you but does no damage. The bullfrog barely misses you.
The adder barely misses you. The adder closely misses you. The adder bites you.
* * * LOW HITPOINT WARNING * * *
The adder closely misses you.
It was a potion of berserk rage.
A red film seems to cover your vision as you go berserk!
You feel yourself moving faster!
You feel mighty!
* * * LOW HITPOINT WARNING * * *
You feel sick.
The ball python hisses angrily.
The bullfrog releases a deep croak.
The bullfrog completely misses you. The adder bites you.
* * * LOW HITPOINT WARNING * * *
The adder bites you.
* * * LOW HITPOINT WARNING * * *
The bullfrog hits you but does no damage.
The adder barely misses you. The adder misses you. x2
You hit the adder.
The adder is heavily wounded.
You die...

≈≈≈≈≈# #≈≈≈≈≈≈#
≈≈≈≈≈# #≈≈≈≈§≈#
≈≈≈≈≈# #≈≈≈≈≈≈#
≈≈≈≈≈# #≈≈≈≈§S#
≈≈≈≈≈# #≈≈≈≈#≈#
≈≈≈≈≈# #≈≈≈#≈≈#
≈≈≈≈≈# #≈≈≈≈l≈#
..≈≈≈# #≈≈≈SFS#
...≈≈# #≈≈≈#@S#
.≈≈.≈# #≈≈≈S#≈#
≈≈≈≈≈# #≈≈≈≈≈≈#
≈≈≈≈≈# #≈≈≈≈≈≈#
≈≈≈≈≈# #≈≈≈≈≈≈#
≈≈≈≈≈# #≈≈≈≈≈≈#
≈≈†≈≈# #####≈≈≈≈≈≈#
...≈## #..##..≈≈≈.#
.....###..##......#


You could see a bullfrog (combustible), 4 adders, a ball python and a frilled
lizard.

Vanquished Creatures
  Natasha (thrice) (D:2)
  8 adders
  6 river rats (Sewer)
  2 dart slugs (D:1)
  6 ball pythons
  5 endoplasms
  2 giant cockroaches
  4 goblins
  4 hobgoblins
  2 quokkas (D:1)
  4 bats
  7 frilled lizards
  8 kobolds
  24 rats
85 creatures vanquished.

Vanquished Creatures (others)
  120 foxfires
120 creatures vanquished.

Grand Total: 205 creatures vanquished

Notes
Turn   | Place    | Note
-------+----------+-------------------------------------------
     0 | D:1      | styxcanada the Deep Elf Fire Elementalist began the quest
                  | for the Orb.
     0 | D:1      | Reached XP level 1. HP: 10/10 MP: 6/6
   268 | D:1      | Reached XP level 2. HP: 15/15 MP: 5/8
   969 | D:1      | Learned a level 2 spell: Scorch
   971 | D:1      | Learned a level 1 spell: Magic Dart
  1113 | D:1      | Reached XP level 3. HP: 19/19 MP: 7/10
  1437 | D:2      | Reached XP level 4. HP: 22/24 MP: 0/12
  1527 | D:2      | Noticed Natasha
  1533 | D:2      | Killed Natasha
  1638 | D:2      | Noticed Natasha
  1647 | D:2      | Killed Natasha
  1755 | D:2      | Noticed Natasha
  1761 | D:2      | Killed Natasha
  1762 | D:2      | Reached XP level 5. HP: 16/28 MP: 13/13
  1906 | D:2      | Found a faded altar of an unknown god.
  2152 | D:3      | Found a burning altar of Makhleb.
  2152 | D:3      | Noticed a cacodemon
  2180 | D:3      | Found a glowing drain.
  2185 | Sewer    | Entered a sewer
  2518 | Sewer    | Reached skill level 5 in Spellcasting
  2563 | Sewer    | Reached skill level 1 in Evocations
  2861 | Sewer    | Reached skill level 5 in Fire Magic
  2861 | Sewer    | Reached XP level 6. HP: 21/32 MP: 15/15
  2864 | Sewer    | HP: 2/48 [adder (1)]
  2865 | Sewer    | Succumbed to an adder's poison

Illustrated notes

Levels and vault maps discovered:
D:1:      dpeg_arrival_simpleton_a, layout_basic
D:2:      layout_rooms, shapermc_ecumenical_altar_ellora, uniq_natasha
D:3:      minmay_chambers_of_twos, layout_loops_ring, vehumet_altar_wand_db,
          makhleb_altar_promises_db, serial_shops, shop, portal_sewer_entry_e,
          uniq_sigmund, uniq_jessica
Sewer:    sewer_minmay_w

Skill      XL: |  1  2  3  4  5 |
---------------+----------------+-----
Fire Magic     | 4 5 |  5.0
Spellcasting   | 4 5 |  5.1
Stealth        | 4 |  4.5
Evocations     | 1 |  1.0
Short Blades   | |  0.2
Dodging        | |  2.6
Conjurations   | |  1.7

Action                   |  1- 3 |  4- 6 || total
-------------------------+-------+-------++-------
Melee: Short sword       |    21 |    13 ||    34
 Cast: Foxfire           |    39 |    34 ||    73
       Scorch            |     4 |    18 ||    22
       Magic Dart        |     1 |     8 ||     9
  Use: Potion            |       |     5 ||     5
       Scroll            |       |     4 ||     4
 Stab: Sleeping          |       |     3 ||     3
Armor: Robe              |    13 |    11 ||    24
Dodge: Dodged            |    32 |    42 ||    74
